 Dungeon Crawl Stone Soup version 0.30.1-6-gbe392663c4 (webtiles) character file.

Game seed: 7960759243106797265

10638 safid the Frost Mage (level 11, -8/93 HPs)
             Began as a Merfolk Ice Elementalist on Sept 20, 2023.
             Was a Believer of Vehumet.
             Mangled by a rakshasa (illusionary)
             ... wielding a +3 heavy flail
              (21 damage)
             ... on level 9 of the Dungeon.
             The game lasted 00:22:09 (10705 turns).

safid the Frost Mage (Merfolk Ice Elementalist)    Turns: 10705, Time: 00:22:10

Health: -8/93      AC: 13    Str:  8    XL:     11   Next: 65%
Magic:  20/23      EV: 15    Int: 19    God:    Vehumet [**....]
Gold:   559        SH:  5    Dex: 15    Spells: 19/26 levels left

rFire   . . .        k - +2 dagger (elec)
rCold   . . .        i - +0 buckler
rNeg    + . .        a - +0 robe
rPois   +            (no helmet)
rElec   .            (no cloak)
rCorr   .            l - +0 pair of gloves
SInv    .            r - +0 pair of boots
Will    .....        h - amulet of regeneration
Stlth   ++           o - ring of positive energy
HPRegen 1.15/turn    d - ring of poison resistance
MPRegen 0.18/turn

%: no passive effects
@: mighty, ice-armoured, about to teleport
A: (nimble swimmer 2), mertail
a: Renounce Religion


You were on level 9 of the Dungeon.
You worshipped Vehumet.
Vehumet was pleased with you.
You visited 2 branches of the dungeon, and saw 12 of its levels.
You also visited: Ossuary.

You collected 659 gold pieces.
You spent 100 gold pieces at shops.

Inventory:

Hand Weapons
 k - a +2 dagger of electrocution (weapon)
 E - a +0 double sword
Armour
 a - a +0 robe (worn)
 i - a +0 buckler (worn)
 l - a +0 pair of gloves (worn)
 r - a +0 pair of boots (worn)
Jewellery
 d - a ring of poison resistance (right hand)
 h - an amulet of regeneration (around neck)
 n - a ring of ice
 o - a ring of positive energy (left hand)
 p - a ring of flight
 O - a +6 ring of strength
Wands
 v - a wand of charming (20)
 A - a wand of mindburst (6)
 C - a wand of digging (9)
 R - a wand of light (10)
 T - a wand of polymorph (4)
Scrolls
 f - 2 scrolls of fear {unknown}
 g - 8 scrolls of teleportation
 q - a scroll of silence
 u - 2 scrolls of enchant armour
 w - 4 scrolls of enchant weapon
 x - a scroll of butterflies
 y - 2 scrolls of amnesia
 F - 3 scrolls of blinking
 J - a scroll of magic mapping
 L - 2 scrolls of poison
 M - 2 scrolls of acquirement {unknown}
 N - a scroll of brand weapon {unknown}
 P - a scroll of immolation {unknown}
 S - 4 scrolls of identify
Potions
 b - 3 potions of magic
 c - 2 potions of might
 e - 2 potions of heal wounds
 j - a potion of degeneration {unknown}
 m - 4 potions of lignification
 s - 6 potions of curing
 t - 3 potions of cancellation {unknown}
 z - 2 potions of brilliance {unknown}
 B - a potion of haste
 D - a potion of resistance {unknown}
 G - a potion of flight {unknown}
 H - 2 potions of mutation {unknown}
 I - a potion of berserk rage {unknown}
 K - 2 potions of attraction {unknown}
 Q - a potion of experience {unknown}


   Skills:
 + Level 11.1 Fighting
 - Level 8.0 Dodging
 - Level 2.1 Stealth
 - Level 4.0 Shields
 - Level 8.0 Spellcasting
 + Level 12.0 Ice Magic


You had 19 spell levels left.
You knew the following spells:

 Your Spells              Type           Power      Damage    Failure   Level
a - Freeze                Ice            100%       1d10      1%          1
b - Frozen Ramparts       Ice            100%       1d16      1%          3
c - Ozocubu's Armour      Ice            52%        N/A       1%          3

Your spell library contained the following spells:

 Spells                   Type           Power      Damage    Failure   Level
 Summon Ice Beast         Ice/Summ       30%        N/A       12%         4
 Sting                    Tmut/Pois      28%        1d4       14%         1
 Poisonous Vapours        Pois/Air       14%        N/A       21%         2
 Olgreb's Toxic Radiance  Pois           7%         N/A       80%         4


Dungeon Overview and Level Annotations

Branches:
Dungeon (11/15)            Temple (1/1) D:7            Lair (0/5) D:11
Ossuary (visited)
    Orc: D:9-12

Altars:
Ashenzari
Cheibriados
Dithmenos
Elyvilon
Fedhas
Gozag
Hepliaklqana
Kikubaaqudgha
Makhleb
Nemelex Xobeh
Okawaru
Qazlal
Ru
Sif Muna
Trog
Uskayaw
Vehumet
Wu Jian
Xom
Yredelemnul
Zin
The Shining One

Shops:
D:4 ?   D:8 *   D:9 *   D:11 :

Annotations:
D:3 1 runed translucent door, Crazy Yiuf


Innate Abilities, Weirdness & Mutations

((You are very nimble when in or above water. (Stealth+, EV+, Speed+++)))
Your lower body shifts to a powerful aquatic tail in water.


Message History

The wall freezes the rakshasa but does no damage.
The rakshasa hits you with a +3 heavy flail!!
* * * LOW HITPOINT WARNING * * *
Unknown command.
Unknown command.
You feel much better.
Unknown command.
You closely miss the rakshasa.
The wall freezes the rakshasa.
The rakshasa hits you but does no damage.
You hit the rakshasa but do no damage.
The wall freezes the rakshasa!
The rakshasa hits you with a +3 heavy flail!!
* * * LOW HITPOINT WARNING * * *
Unknown command.
You feel much better.
You feel much better.
The wall freezes the rakshasa!
The rakshasa hits you with a +3 heavy flail!
Unknown command.
You closely miss the rakshasa.
The rakshasa is moderately wounded.
The wall freezes the rakshasa!
The rakshasa hits you with a +3 heavy flail!
You hit the rakshasa but do no damage.
The rakshasa is moderately wounded.
You hit the rakshasa but do no damage. Lightning courses through the rakshasa!
The rakshasa is heavily wounded.
The injured rakshasa weaves a defensive illusion!
The frozen ramparts melt away.
The rakshasa gestures at you. The lance of force hits you!!
* * * LOW HITPOINT WARNING * * *
You are knocked back by the lance of force.
You slam into the crystal wall!
The rakshasa blinks!
Unknown command.
Unknown command.
Unknown command.
Unknown command.
As you read the scroll of teleportation, it crumbles to dust.
You feel strangely unstable.
The rakshasa hits you with a +3 heavy flail!!
You die...

.....##
##<......[..############
....##
#.####.#)............#
#.#.####
#...##...########.####
.......#
###..#..[...#<....#
.......# ##.#..##....#####
.......# #R.............# #
.......###
##.'###########......
#..##....####..#R§R.......#
.###
#....###.......#@#######..#
#..#.####.###..##))†.....
#.....# #.###...#.#####.R
#.....# #.##....##. ...#
.#...####........#)# #...
.##.#.......>....##. #?..
.##∩#####.........#.# #..
.##.##............##. #..
.#...#.......#.....#.. #.


You could see 3 rakshasas.

Vanquished Creatures
  A cyclops (D:6)
  Joseph (D:8)
  A gargoyle (D:9)
  Psyche (D:8)
  An unseen horror (D:11)
  2 komodo dragons
  2 hornets
  A troll (D:6)
  Prince Ribbit (D:8)
  Sigmund (D:3)
  A wyvern (D:9)
  Eustachio (D:5)
  17 yaks
  2 steam dragons
  2 water moccasins
  5 orc warriors
  3 sky beasts
  3 hornet zombies (Ossuary)
  A black bear (D:11)
  An ice beast (D:6)
  An ogre (D:5)
  3 centaurs
  2 kobold brigands (D:9)
  4 bullfrogs
  A gnoll sergeant (D:11)
  3 water moccasin zombies (Ossuary)
  3 scorpions
  6 wights
  3 killer bees (D:9)
  2 electric eels (D:7)
  4 howler monkeys
  4 bullfrog zombies (Ossuary)
  A centaur zombie (Ossuary)
  3 jellies
  6 hounds
  2 orc priests
  Ijyb (D:3)
  4 iguanas
  3 sleepcaps
  3 orc wizards
  3 killer bee zombies (Ossuary)
  16 mummies
  4 howler monkey zombies (Ossuary)
  8 adders
  8 gnolls
  3 shadow imps
  3 white imps
  3 worms
  32 orcs
  3 bats
  7 endoplasms
  8 giant cockroaches
  15 goblins
  7 hobgoblins
  7 jackals
  6 quokkas
  7 ball pythons
  4 frilled lizards (D:1)
  14 kobolds
  3 rats
268 creatures vanquished.

Notes
Turn   | Place    | Note
-------+----------+-------------------------------------------
     0 | D:1      | safid the Merfolk Ice Elementalist began the quest for the
                  | Orb.
     0 | D:1      | Reached XP level 1. HP: 13/13 MP: 3/3
   176 | D:1      | Reached XP level 2. HP: 20/20 MP: 0/5
   296 | D:1      | Reached skill level 1 in Fighting
   597 | D:1      | Reached XP level 3. HP: 26/26 MP: 3/6
  1087 | D:1      | Found a faded altar of an unknown god.
  1098 | D:1      | Learned a level 3 spell: Frozen Ramparts
  1102 | D:1      | Learned a level 3 spell: Ozocubu's Armour
  1479 | D:2      | Reached skill level 5 in Ice Magic
  1479 | D:2      | Reached XP level 4. HP: 28/33 MP: 8/8
  1938 | D:3      | Reached XP level 5. HP: 39/39 MP: 2/9
  2448 | D:3      | Noticed Sigmund
  2460 | D:3      | Killed Sigmund
  2461 | D:3      | Reached XP level 6. HP: 29/48 MP: 2/11
  2575 | D:3      | Found a runed translucent door.
  2576 | D:3      | Noticed Crazy Yiuf
  2671 | D:3      | Reached skill level 6 in Ice Magic
  2753 | D:3      | Noticed Ijyb
  2768 | D:3      | Killed Ijyb
  3243 | D:4      | Found Woaniosh's Magic Scroll Boutique.
  3247 | D:4      | Bought a scroll of noise for 12 gold pieces
  3247 | D:4      | Bought a scroll of identify for 24 gold pieces
  3875 | D:4      | Reached XP level 7. HP: 51/54 MP: 13/13
  3919 | D:4      | Reached skill level 1 in Shields
  4098 | D:5      | Entered Level 5 of the Dungeon
  4130 | D:5      | Noticed Eustachio
  4139 | D:5      | Killed Eustachio
  4719 | D:5      | Found a snail-covered altar of Cheibriados.
  4728 | D:5      | Reached XP level 8. HP: 61/61 MP: 8/14
  5197 | D:5      | Reached skill level 5 in Fighting
  5496 | D:6      | Noticed a hornet
  5504 | D:6      | Killed a hornet
  5505 | D:6      | Reached skill level 7 in Ice Magic
  5509 | D:6      | Reached skill level 5 in Dodging
  5527 | D:6      | Reached skill level 5 in Spellcasting
  5565 | D:6      | Found a sand-covered staircase.
  5576 | Ossuary  | Entered an ossuary
  5768 | Ossuary  | Reached XP level 9. HP: 50/69 MP: 17/17
  6247 | D:6      | Noticed a komodo dragon
  6258 | D:6      | Killed a komodo dragon
  6259 | D:6      | Reached skill level 8 in Ice Magic
  6262 | D:6      | Noticed a troll
  6266 | D:6      | Noticed a cyclops
  6268 | D:6      | Killed a troll
  6276 | D:6      | Killed a cyclops
  6463 | D:6      | HP: 3/72 [something (13)]
  6464 | D:6      | Reached XP level 10. HP: 5/79 MP: 12/19
  6917 | D:6      | Reached skill level 9 in Ice Magic
  7165 | D:7      | Found a hide-covered altar of Uskayaw.
  7592 | D:7      | Found a staircase to the Ecumenical Temple.
  7601 | Temple   | Entered the Ecumenical Temple
  7811 | Temple   | Became a worshipper of Vehumet
  8514 | D:8      | Found Bovoym Onay's Assorted Antiques.
  8647 | D:8      | Noticed Prince Ribbit
  8661 | D:8      | Killed Prince Ribbit
  9024 | D:8      | Noticed Psyche
  9041 | D:8      | Killed Psyche
  9469 | D:8      | Noticed Joseph
  9489 | D:8      | Killed Joseph
  9490 | D:8      | Reached skill level 10 in Ice Magic
  9698 | D:9      | Reached XP level 11. HP: 79/89 MP: 16/23
  9706 | D:9      | Reached * piety under Vehumet
  9706 | D:9      | Offered knowledge of Kiss of Death by Vehumet.
  9714 | D:9      | Reached skill level 10 in Fighting
  9804 | D:9      | You fall into a shaft and drop 2 floors!
  9847 | D:11     | Reached skill level 11 in Ice Magic
 10004 | D:11     | Found a staircase to the Lair.
 10192 | D:11     | Found Geprisa's Book Emporium.
 10200 | D:10     | Entered Level 10 of the Dungeon
 10276 | D:8      | Bought a scroll of identify for 64 gold pieces
 10473 | D:9      | Found Fais's Neck Hole.
 10553 | D:9      | Offered knowledge of Poisonous Vapours by Vehumet.
 10555 | D:9      | Reached ** piety under Vehumet
 10602 | D:9      | Identified the +8 pearl dragon scales of Anaesthesia
                  | {+Blink rF+ rN+ Stlth+}
 10602 | D:9      | Noticed a rakshasa
 10694 | D:9      | Reached skill level 12 in Ice Magic
 10705 | D:9      | Mangled by a rakshasa (illusionary)

Illustrated notes

Levels and vault maps discovered:
D:1:      ncdulo_smallfort, layout_loops_ring,
          shapermc_ecumenical_altar_mp_highgroup
D:2:      layout_loops_ring, minmay_split_cup_large
D:3:      kennysheep_goblin_castle, layout_loops_cross, minmay_crystal_water,
          kennysheep_generic_room_5, uniq_sigmund, uniq_crazy_yiuf_cottage,
          uniq_ijyb
D:4:      layout_loops_corners, serial_shops, shop
D:5:      corexii_shack_village, layout_loops_corners, cheibriados_altar_1,
          uniq_eustachio
D:6:      minmay_cornered_nines, layout_loops_cross, gup_ossuary_entry_pyramid,
          kennysheep_crisscross, minmay_fractal_squares_gapless_5
D:7:      layout_gridville, marbit_many_paths, minmay_temple_entry_mist,
          hangedman_abyss_or_decor_slice, minmay_misc_feat_chi,
          kennysheep_generic_room_2
D:8:      layout_gridville, nicolae_take_the_stairs, uniq_joseph, uniq_psyche,
          uniq_prince_ribbit1
D:9:      minmay_the_grid_triangle_9x9_rhombus_thin_mashed
          [minmay_the_grid_triangle_9x9_corrupted_corridor,
          minmay_the_grid_triangle_9x9_prize_insulated,
          minmay_the_grid_triangle_9x9_flanged_cone,
          minmay_the_grid_triangle_9x9_dagger], layout_rooms, fungi_pond_lemuel,
          nicolae_shop_sticking_my_neck_out
D:10:     layout_cave_pools, zombieorc2_lemuel, serial_shops,
          nicolae_shop_trees, nicolae_lakefront_shop, shop,
          nicolae_shop_gaudy_bauble, st_stairs_14
D:11:     layout_basic, grunt_lair_entry_orc_guard_hut, serial_shops,
          nicolae_shop_hallway_stairs, eat_drink_and_be_merry_uskayaw,
          uniq_lodul
Temple:   nicolae_temple_slightly_damp_pantheon

Skill      XL: |  1  2  3  4  5  6  7  8  9 10 11 |
---------------+----------------------------------+-----
Fighting       | 1 2 3 4 6 7 9 11 | 11.1
Ice Magic      | 5 6 7 8 10 12 | 12.0
Spellcasting   | 3 4 5 6 8 |  8.0
Dodging        | 3 4 5 7 8 |  8.0
Shields        | 2 3 4 |  4.0
Stealth        | |  2.1

Action                     |  1- 3 |  4- 6 |  7- 9 | 10-12 || total
---------------------------+-------+-------+-------+-------++-------
  Melee: Unarmed           |     2 |       |       |       ||     2
         Club              |     5 |       |       |       ||     5
         Dagger            |    53 |   107 |   324 |   247 ||   731
         Whip              |     8 |       |       |       ||     8
         Tailslap          |       |       |    16 |     6 ||    22
   Cast: Freeze            |    38 |     8 |    19 |     6 ||    71
         Frozen Ramparts   |       |     8 |    23 |    49 ||    80
         Ozocubu's Armour  |       |     5 |    18 |    37 ||    60
    Use: Scroll            |       |       |     7 |     8 ||    15
         Potion            |       |       |       |     5 ||     5
   Stab: Sleeping          |     2 |    10 |     4 |     2 ||    18
         Distracted        |     1 |       |       |       ||     1
 Armour: Robe              |    10 |    25 |    59 |    83 ||   177
         Skin              |       |       |       |     2 ||     2
  Dodge: Dodged            |    65 |    55 |   173 |   161 ||   454
  Block: Buckler           |    12 |    16 |    63 |    68 ||   159
